 Dungeon Crawl Stone Soup version 0.30-a0-930-gb9d0489357 (webtiles) character file.

Game seed: 625599448410540346

971 jimonade the Cleaver (level 8, -3/71 HPs)
             Began as a Hill Orc Fighter on Mar 23, 2023.
             Killed by divine providence
             ... invoked by an orc priest
              (15 damage)
             ... on level 5 of the Dungeon.
             The game lasted 00:07:30 (3027 turns).

jimonade the Cleaver (Hill Orc Fighter)             Turns: 3027, Time: 00:07:31

Health: -3/71      AC:  6    Str: 19    XL:     8   Next: 16%
Magic:  8/8        EV: 26    Int: 10    God:
Gold:   224        SH:  4    Dex: 10    Spells: 7/7 levels left

rFire   . . .      SeeInvis .    a - +0 war axe
rCold   . . .      Faith    .    c - +0 buckler
rNeg    . . .      Spirit   .    o - +1 leather armour of Cyasiss {Regen+ Slay+3}
rPois   .          Reflect  .    t - +0 helmet
rElec   .          Rampage  .    (no cloak)
rCorr   .                        u - +0 pair of gloves
Will    .....                    (no boots)
Stlth   +                        e - amulet of the acrobat
HPRegen 1.11/turn                (no ring)
MPRegen 0.11/turn                (no ring)

@: acrobatic
A: no striking features
a: Convert to Beogh


You were on level 5 of the Dungeon.
You visited 2 branches of the dungeon, and saw 6 of its levels.

You collected 224 gold pieces.

Inventory:

Hand Weapons
 a - a +0 war axe (weapon)
 g - a +1 vampiric short sword
 A - a +0 bardiche
 D - a +2 whip of freezing
Armour
 b - a +0 scale mail
 c - a +0 buckler (worn)
 f - a +0 ring mail
 o - the +1 leather armour of Cyasiss (worn) {Regen+ Slay+3}
   (You found it on level 2 of the Dungeon)

   Slay:      It affects your accuracy & damage with ranged weapons and melee
   (+3).
   Regen:     It increases your rate of health regeneration.
 p - a +0 plate armour
 t - a +0 helmet (worn)
 u - a +0 pair of gloves (worn)
 x - a +0 chain mail
 E - a +2 robe of willpower
Jewellery
 e - an amulet of the acrobat (around neck)
Wands
 w - a wand of quicksilver (6)
 G - a wand of flame (14)
Scrolls
 h - a scroll of noise {unknown}
 i - 2 scrolls of immolation
 j - 2 scrolls of teleportation
 l - a scroll of poison {unknown}
 n - a scroll of butterflies {unknown}
 q - a scroll of brand weapon {unknown}
 r - a scroll of fear {unknown}
 y - a scroll of blinking {unknown}
 C - a scroll of magic mapping {unknown}
 F - 3 scrolls of identify
Potions
 d - 2 potions of might
 k - 2 potions of heal wounds
 m - 3 potions of haste
 s - 4 potions of curing
 v - a potion of ambrosia {unknown}
 z - a potion of flight {unknown}
 B - a potion of brilliance {unknown}


   Skills:
 + Level 6.6 Fighting
 + Level 9.0 Axes
 + Level 4.0 Armour
 + Level 1.5 Dodging
 + Level 1.1 Stealth
 + Level 4.1 Shields
 + Level 0.4 Evocations


You had 7 spell levels left.
You didn't know any spells.
Your spell library contained the following spells:

 Spells                   Type           Power      Damage    Failure   Level
 Sting                    Tmut/Pois      0%         1d3       50%         1
 Ensorcelled Hibernation  Hex/Ice        0%         N/A       65%         2
 Passwall                 Tmut/Erth      0%         N/A       65%         2
 Poisonous Vapours        Pois/Air       0%         N/A       65%         2
 Sublimation of Blood     Necr           0%         N/A       65%         2
 Wereblood                Tmut           0%         N/A       65%         2
 Swiftness                Air            0%         N/A       86%         3
 Olgreb's Toxic Radiance  Pois           0%         N/A       99%         4
 Yara's Violent Unravell  Hex/Tmut       0%         3d3       100%        5
 Enfeeble                 Hex            0%         N/A       100%        7
 Summon Hydra             Summ           0%         N/A       100%        7


Dungeon Overview and Level Annotations

Branches:
Dungeon (5/15)             Temple (1/1) D:4

Altars:
Ashenzari
Cheibriados
Dithmenos
Elyvilon
Fedhas
Gozag
Hepliaklqana
Makhleb
Nemelex Xobeh
Okawaru
Qazlal
Sif Muna
Trog
Vehumet
Wu Jian
Xom
Yredelemnul
Zin
The Shining One

Annotations:
D:5 2 runed translucent doors, diodin's ghost, novice DrCj


Message History

The orc priest misses you. You block the orc's attack.
The orc priest closely misses you. The orc closely misses you.
The orc priest completely misses you. You block the orc's attack.
The orc priest mumbles some strange prayers to Beogh against you.
You struggle to resist.
The orc completely misses you. The orc priest completely misses you.
The orc misses you. The orc priest completely misses you.
The orc completely misses you.
The orc priest threatens, "By the altar or by the axe, you will meet Beogh!"
The orc priest hits you with a +0 hand axe.
* * * LOW HITPOINT WARNING * * *
The orc completely misses you.
The orc priest shouts, "Join the one true god or die!"
The orc priest completely misses you. The orc completely misses you.
The orc priest closely misses you.
The orc hits you from afar with a +0 trident.
* * * LOW HITPOINT WARNING * * *
You block the orc priest's attack. The orc closely misses you.
The orc priest closely misses you. The orc misses you.
The orc priest invokes the aid of Beogh against you.
You struggle to resist.
You block the orc's attack.
The orc priest looks satisfied for a moment.
The orc misses you. The orc priest completely misses you.
The orc completely misses you.
The orc priest looks braver for a moment.
The orc misses you. The orc priest misses you. The orc misses you.
The orc priest closely misses you. The orc completely misses you.
The orc priest misses you. The orc closely misses you.
The orc priest barely misses you. The orc closely misses you.
The orc priest calls down the wrath of Beogh upon you.
Beogh smites you!
* * * LOW HITPOINT WARNING * * *
The orc closely misses you. You block the orc priest's attack.
The orc hits you but does no damage. You block the orc priest's attack.
The orc hits you from afar with a +0 trident.
* * * LOW HITPOINT WARNING * * *
The orc priest invokes the aid of Beogh against you.
Beogh smites you!
You die...

#.......................##.
##.##...................##.
#.##...................##.
#.##...#########.########.
#.##...# ###..........!...
#.##...##....##...........
##.##......# #...........
...#.....#######...........
#>.....lo@..†.............
#.#....o########..........
#.#.....##### #..........
#...........# #..........
#...........# #..........
#.....?.....# #..........
##.....)....# #..........
#......o...# #.#########
#................


You could see an iguana, an orc priest and an orc.

Vanquished Creatures
  Pikel (D:5)
  A water moccasin (D:4)
  A phantom (D:5)
  4 lemures (D:5)
  3 scorpions
  An iguana (D:5)
  2 gnolls
  4 adders (D:2)
  A white imp (D:5)
  An ufetubus (D:5)
  3 worms
  4 dart slugs
  3 orcs
  7 ball pythons
  7 endoplasms
  6 giant cockroaches
  6 goblins
  4 hobgoblins
  5 jackals
  7 kobolds
  2 quokkas
  5 bats
  3 frilled lizards
  5 rats
86 creatures vanquished.

Vanquished Creatures (others)
  5 plants (D:4)
5 creatures vanquished.

Grand Total: 91 creatures vanquished

Notes
Turn   | Place    | Note
-------+----------+-------------------------------------------
     0 | D:1      | jimonade the Hill Orc Fighter began the quest for the Orb.
     0 | D:1      | Reached XP level 1. HP: 19/19 MP: 1/1
   127 | D:1      | Reached XP level 2. HP: 27/27 MP: 2/2
   294 | D:1      | Reached XP level 3. HP: 26/34 MP: 3/3
   584 | D:1      | Reached skill level 3 in Axes
   805 | D:2      | Identified the +1 leather armour of Cyasiss {Regen+ Slay+3}
  1049 | D:2      | Reached XP level 4. HP: 41/41 MP: 4/4
  1134 | D:2      | Reached skill level 4 in Axes
  1440 | D:3      | Found a stormy altar of Qazlal.
  1569 | D:3      | Reached XP level 5. HP: 46/47 MP: 5/5
  1571 | D:4      | Noticed a water moccasin
  1581 | D:4      | Killed a water moccasin
  1582 | D:4      | Reached skill level 5 in Fighting
  1582 | D:4      | Reached skill level 5 in Axes
  1582 | D:4      | Reached XP level 6. HP: 7/56 MP: 6/6
  1923 | D:4      | Found a staircase to the Ecumenical Temple.
  1994 | Temple   | Entered the Ecumenical Temple
  2186 | D:4      | Reached skill level 6 in Axes
  2419 | D:5      | Entered Level 5 of the Dungeon
  2544 | D:5      | Found a runed translucent door.
  2550 | D:5      | Noticed diodin's ghost (novice DrCj)
  2577 | D:5      | Found a runed translucent door.
  2654 | D:5      | Found a sparkling altar of Nemelex Xobeh.
  2654 | D:5      | Found a shimmering blue altar of Sif Muna.
  2745 | D:5      | Reached skill level 1 in Dodging
  2817 | D:5      | Noticed Pikel
  2822 | D:5      | Reached skill level 7 in Axes
  2822 | D:5      | Reached XP level 7. HP: 61/61 MP: 7/7
  2839 | D:5      | Killed Pikel
  2840 | D:5      | Reached skill level 8 in Axes
  2840 | D:5      | Reached skill level 1 in Stealth
  2840 | D:5      | Reached XP level 8. HP: 28/71 MP: 8/8
  2903 | D:5      | Reached skill level 9 in Axes
  3002 | D:5      | HP: 2/71 [orc priest/+0 hand axe (6)]
  3027 | D:5      | Killed from afar by an orc priest

Illustrated notes

Levels and vault maps discovered:
D:1:      dpeg_arrival_tiny_d, layout_basic, chequers_serial_rivers_marsh,
          minivault_11
D:2:      layout_rooms, minmay_misc_feat_more_columns
D:3:      layout_rooms, nicolae_qazlal_general_emergency, minivault_27
D:4:      layout_gridville, minmay_temple_entry_stoned_glass,
          serial_bayou_lagoon_a
D:5:      layout_basic, mainiacjoe_overflow_large_starburst, serial_shops, shop,
          ebering_ghost_sewer_f, uniq_pikel
Temple:   nicolae_temple_elliptical

Skill      XL: |  1  2  3  4  5  6  7  8 |
---------------+-------------------------+-----
Fighting       | 4 5 6 |  6.6
Axes           | 3 4 5 7 8 9 |  9.0
Dodging        | 1 |  1.5
Shields        | 4 |  4.1
Armour         | 4 |  4.0
Stealth        | 1 |  1.1
Evocations     | |  0.4

Action                     |  1- 3 |  4- 6 |  7- 9 || total
---------------------------+-------+-------+-------++-------
  Melee: War axe           |   111 |   124 |    28 ||   263
  Evoke: Wand              |       |     2 |       ||     2
    Use: Scroll            |       |     5 |     1 ||     6
 Armour: Scale mail        |    42 |       |       ||    42
         Leather armour    |     7 |    41 |     4 ||    52
  Dodge: Dodged            |    52 |    61 |    59 ||   172
  Block: Buckler           |    32 |    28 |    15 ||    75

Table legend: (Time is in decaauts)
 A = Elapsed time spent in this place.
 B = Non-inter-level travel time spent in this place.
 C = Inter-level travel time spent in this place.
 D = Time resting spent in this place.
 E = Time spent auto-exploring this place.
 F = Levels seen in this place.
 G = Mean time per level.
                   A        B        C        D        E       F      G
               +--------+--------+--------+--------+--------+-----+--------+
         Total |   3114 |   3012 |    102 |     72 |   1950 |   6 |  519.0 |
       Dungeon |   2952 |   2876 |     76 |     72 |   1831 |   5 |  590.4 |
        Temple |    161 |    135 |     26 |      0 |    119 |   1 |  161.0 |
               +--------+--------+--------+--------+--------+-----+--------+

Top non-repeatable levels by time:
     D:1: 797 daAuts
     D:4: 699 daAuts
     D:2: 648 daAuts
     D:5: 620 daAuts
     D:3: 186 daAuts
  Temple: 161 daAuts
